 Dungeon Crawl Stone Soup version 0.30-a0-169-g06f667207d (webtiles) character file.

Game seed: 9443703643613797659

101 qw the Chopper (level 4, -7/28 HPs)
             Began as a Gargoyle Fighter on Sept 30, 2022.
             Mangled by Edmund
             ... wielding a +0 vorpal flail
              (11 damage)
             ... on level 4 of the Dungeon.
             The game lasted 00:00:49 (2474 turns).

qw the Chopper (Gargoyle Fighter)                   Turns: 2474, Time: 00:00:50

Health: -7/28      AC: 12    Str: 22    XL:     4   Next: 75%
Magic:  4/4        EV:  7    Int:  8    God:
Gold:   83         SH:  4    Dex:  9    Spells: 3/3 levels left

rFire   . . .      SeeInvis .    Y - +0 war axe
rCold   . . .      Faith    .    c - +0 buckler
rNeg    + . .      Spirit   .    e - +0 chain mail
rPois   inf        Reflect  .    (no helmet)
rElec   +          Harm     .    (no cloak)
rCorr   .          Rampage  .    (no gloves)
Will    .....                    (no boots)
Stlth   ..........               i - amulet of the acrobat
HPRegen 0.09/turn                (no ring)
MPRegen 0.09/turn                (no ring)

@: about to teleport
A: sickness immunity, AC +3, negative energy resistance 1, electricity
resistance, torment resistance 1, petrification resistance
a: no special abilities


You were on level 4 of the Dungeon.
You visited 1 branch of the dungeon, and saw 4 of its levels.

You collected 122 gold pieces.
You spent 39 gold pieces at shops.


Innate Abilities, Weirdness & Mutations

You are immune to sickness and miasma.
Your stone body is resilient. (AC +3)
You are immune to poison.
You resist negative energy. (rN+)
You are resistant to electric shocks. (rElec)
You are resistant to unholy torment.
You are immune to petrification.


   Skills:
 - Level 3.2 Fighting
 + Level 4.3 Axes
 - Level 3.2 Armour
 - Level 3.2 Shields


You had 3 spell levels left.
You didn't know any spells.
Your spell library was empty.

Inventory:

Hand Weapons
 g - a +1 mace of protection
 Y - a +0 war axe (weapon)
Armour
 c - a +0 buckler (worn)
 e - a +0 chain mail (worn)
Jewellery
 i - an amulet of the acrobat (around neck)
Scrolls
 h - a scroll of identify
Potions
 b - a potion of curing {unknown}
 d - a potion of might
 f - a potion of heal wounds {unknown}
 j - a potion of haste {unknown}

Dungeon Overview and Level Annotations

Branches:
Dungeon (4/15)
 Temple: D:4-7

Altars:
Ashenzari
Gozag
Ru

Shops:
D:3 *

Annotations:
D:4 Edmund


Message History

Edmund the Younger comes into view.
He is wielding a +0 vorpal flail.
Edmund shouts!
Enter note: Edmund says, "I'm quite good with sums, too."
You slash Edmund!
Edmund is lightly wounded.
Edmund barely misses you.
You barely miss Edmund.
Edmund is lightly wounded.
You block Edmund's attack.
You barely miss Edmund.
Edmund is lightly wounded.
Edmund hits you but does no damage. x2
You hit Edmund but do no damage.
Edmund is lightly wounded.
Edmund hits you but does no damage.
You hit Edmund but do no damage.
Edmund is lightly wounded.
You block Edmund's attack.
You barely miss Edmund.
Edmund is lightly wounded.
You block Edmund's attack.
Edmund says, "People accused me of being a cutpurse!"
Edmund hits you with a +0 vorpal flail.
You hit Edmund.
Edmund is moderately wounded.
Edmund says, "People accused me of being a cutpurse!"
Edmund hits you with a +0 vorpal flail.
You hit Edmund.
Edmund is heavily wounded.
Edmund gestures with his flail.
Edmund hits you with a +0 vorpal flail.
You hit Edmund.
Edmund is heavily wounded.
Edmund hits you with a +0 vorpal flail!
2474 ||| READING scroll of teleportation.
As you read the scroll of teleportation, it crumbles to dust.
You feel strangely unstable. Edmund hits you with a +0 vorpal flail!
You die...

#.# ### #... #.. ....
#.# ..# .. #.# ...#
...####.###...#
..........@...###
.........@.......
#######.###......
#..^.# ####. #....+
######....####
######....'........
.......####.........
....................#
.#.##..#####..#.###..


You could see Edmund.

Vanquished Creatures
  3 adders
  6 dart slugs
  8 ball pythons
  4 endoplasms
  5 giant cockroaches
  5 goblins
  6 jackals
  4 kobolds
  4 quokkas
  6 bats
  3 frilled lizards
  4 rats (D:1)
58 creatures vanquished.

Notes
Turn   | Place    | Note
-------+----------+-------------------------------------------
     0 | D:1      | qw the Gargoyle Fighter began the quest for the Orb.
     0 | D:1      | Reached XP level 1. HP: 14/14 MP: 1/1
     0 | D:1      | 0 ||| qw: Version: 0.2-a-12-gaebbb33
     0 | D:1      | 0 ||| qw: Game counter: 1413
     0 | D:1      | 0 ||| qw: Always use a shield: true
     0 | D:1      | 0 ||| qw: God list: Okawaru
     0 | D:1      | 0 ||| qw: Allow faded altars: false
     0 | D:1      | 0 ||| qw: Do Orc after D:15 true
     0 | D:1      | 0 ||| qw: Do second Lair branch before Depths: true
     0 | D:1      | 0 ||| qw: Lair rune preference: random
     0 | D:1      | 0 ||| qw: Plans: Normal, Zot:1-4, God:TSO, Crypt, Tomb,
                  | Pan, Slime:5, Hells, Abyss, Orb
     0 | D:1      | 0 ||| PLANNING D:1-11
    36 | D:1      | Reached skill level 2 in Axes
   140 | D:1      | 140 ||| Stepping ~*~*~tactically~*~*~ (hiding).
   152 | D:1      | Reached XP level 2. HP: 15/19 MP: 2/2
   277 | D:1      | 277 ||| Stepping ~*~*~tactically~*~*~ (stealth).
   379 | D:1      | Reached skill level 3 in Axes
   425 | D:1      | 425 ||| Stepping ~*~*~tactically~*~*~ (hiding).
   439 | D:1      | Reached XP level 3. HP: 23/23 MP: 3/3
   782 | D:1      | 782 ||| DROPPING ring of magical power.
   783 | D:1      | 783 ||| READING 2 scrolls labelled JAICSI BEZE.
   784 | D:1      | 784 ||| READING scroll labelled COAQAE IMOU.
   785 | D:1      | 785 ||| DROPPING scroll of vulnerability.
   827 | D:2      | 827 ||| STAIRDANCE
   834 | D:2      | 834 ||| STAIRDANCE
  1054 | D:2      | 1054 ||| Stepping ~*~*~tactically~*~*~ (stealth).
  1056 | D:2      | 1056 ||| Stepping ~*~*~tactically~*~*~ (stealth).
  1318 | D:2      | 1318 ||| DROPPING +0 club.
  1454 | D:2      | Reached XP level 4. HP: 28/28 MP: 4/4
  1505 | D:2      | 1505 ||| Stepping ~*~*~tactically~*~*~ (stealth).
  1506 | D:2      | 1506 ||| Stepping ~*~*~tactically~*~*~ (stealth).
  1690 | D:2      | 1690 ||| Stepping ~*~*~tactically~*~*~ (stealth).
  1734 | D:2      | 1734 ||| UPGRADING to +0 chain mail.
  1744 | D:2      | 1744 ||| DROPPING +0 scale mail.
  1745 | D:2      | 1745 ||| UPGRADING to amulet of the acrobat.
  1750 | D:2      | 1750 ||| READING scroll labelled QAM TERIGHA.
  1771 | D:3      | Reached skill level 4 in Axes
  1786 | D:3      | 1786 ||| DROPPING +2 mace of draining.
  1795 | D:3      | Found Tuacluz's General Store.
  1805 | D:3      | 1805 ||| BUYING scroll of teleportation (39 gold).
  1805 | D:3      | Bought a scroll of teleportation for 39 gold pieces
  1833 | D:3      | Found an opulent altar of Gozag.
  1960 | D:3      | 1960 ||| Stepping ~*~*~tactically~*~*~ (hiding).
  2068 | D:3      | Found a broken altar of Ashenzari.
  2112 | D:3      | Found a sacrificial altar of Ru.
  2286 | D:3      | 2286 ||| READING scroll labelled DIGOLY QOSA.
  2387 | D:3      | 2387 ||| READING scroll labelled GEUJI WUVVATZ.
  2388 | D:3      | 2388 ||| READING 2 scrolls of identify.
  2388 | D:3      | 2388 ||| IDENTIFYING metallic sapphire potion
  2389 | D:3      | 2389 ||| DROPPING potion of brilliance.
  2459 | D:4      | Noticed Edmund
  2473 | D:4      | HP: 7/28 [Edmund/+0 vorpal flail (10)]
  2474 | D:4      | 2474 ||| READING scroll of teleportation.
  2474 | D:4      | Mangled by Edmund

Levels and vault maps discovered:
D:1:      minmay_arrival_wavy_path, layout_loops_cross
D:2:      layout_loops_cross, st_stairs_3
D:3:      layout_rooms, ashenzari_conservatory_becter, nicolae_ru_awakened_eye,
          nicolae_gozag_cash_rules_everything_around_me, serial_shops, shop
D:4:      layout_basic, mainiacjoe_overflow_six_doors_small,
          minmay_temple_entry_hall, uniq_natasha, uniq_edmund,
          uniq_crazy_yiuf_cottage

Skill      XL: |  1  2  3  4 |
---------------+-------------+-----
Axes           | 2 3 4 |  4.3
Fighting       | |  3.2
Armour         | |  3.2
Shields        | |  3.2

Action                   |  1- 3 |  4- 6 || total
-------------------------+-------+-------++-------
Melee: War axe           |   103 |    51 ||   154
  Use: Scroll            |     2 |     5 ||     7
Armor: Scale mail        |    54 |     6 ||    60
       Chain mail        |       |    11 ||    11
Dodge: Dodged            |    50 |    20 ||    70
Block: Buckler           |    17 |     7 ||    24

Table legend:
 A = Non-vault XP
 B = Vault XP
 C = Vault XP percentage of total XP
 D = Non-vault monster count
 E = Vault monster count
 F = Vault count percentage of total count
                 A         B        C        D         E       F
            +---------+---------+-------+---------+---------+-------
      Total |     143 |       2 |   1.4 |      56 |       2 |   3.4
            +---------+---------+-------+---------+---------+-------
        D:1 |      63 |       0 |   0.0 |      27 |       0 |   0.0
        D:2 |      30 |       2 |   6.2 |      17 |       2 |  10.5
        D:3 |      50 |       0 |   0.0 |      12 |       0 |   0.0
            +---------+---------+-------+---------+---------+-------
